Map: Dusk Towers

Players

MorN - Winner!

  • Race: Terran Terran
  • League: Master

KiLLaZ

  • Race: Zerg Zerg
  • League: Master

VOD

Have the link to the VOD?

Description

Time

  • Played on: Nov. 23, 2015, 7:50 p.m.
  • Length: 12:48
Show
View Real Time Build Order
Export as new Build Order

MorN Terran - Winner!

Build Orders: Reaper Expand, MMM Bio 

Get SALT Encoding   

  12  0:00  SCV  
  13  0:13  SCV  
  14  0:18  Supply Depot  
  14  0:25  SCV  
  15  0:39  SCV  
  15  0:40  Barracks  
  16  0:44  Refinery  
  16  0:51  SCV  
  17  1:03  SCV  
  18  1:15  SCV  
  19  1:29  Reaper, Orbital Command  
  20  1:40  Command Center  
  20  1:51  Supply Depot  
  20  1:55  SCV  
  20  2:01  Reaper  
  22  2:07  SCV  
  23  2:19  SCV  
  24  2:23  Factory  
  24  2:34  Refinery  
  24  2:42  Barracks Reactor  
  24  2:43  Command Center  
  24  2:54  Orbital Command  
  24  2:55  SCV  
  25  3:07  SCV  
  25  3:11  Factory Tech Lab  
  26  3:15  Starport  
  26  3:34  Marine x2  
  25  3:35  SCV  
  25  3:38  Siege Tank  
  31  3:41  SCV  
  31  3:51  SCV  
  31  3:52  Marine x2  
  34  3:56  Orbital Command  
  34  3:57  SCV  
  34  4:00  Medivac  
  37  4:03  SCV  
  37  4:09  SCV, Marine x2  
  39  4:15  SCV  
  42  4:22  SCV  
  42  4:23  SCV  
  44  4:27  SCV  
  45  4:36  Factory Reactor  
  45  4:37  Barracks  
  48  4:39  Viking  
  48  4:40  Stimpack  
  48  4:43  SCV x2  
  48  4:44  Barracks  
  49  4:46  Engineering Bay  
  49  4:48  Refinery x2, Engineering Bay  
  49  4:49  Marine  
  49  4:50  SCV  
  51  4:55  SCV  
  51  4:58  SCV  
  53  5:02  Supply Depot, SCV  
  54  5:07  SCV, Marine  
  54  5:10  SCV  
  54  5:13  Starport Reactor  
  57  5:14  SCV  
  57  5:19  SCV  
  59  5:22  SCV  
  59  5:25  Terran Infantry Weapons Level 1, Terran Infantry Armor Level 1  
  59  5:26  Marine  
  59  5:27  Barracks  
  61  5:28  Barracks  
  61  5:30  SCV  
  61  5:32  Factory Reactor, Marine x2  
  61  5:34  Marine x2  
  66  5:36  SCV  
  66  5:39  Supply Depot  
  67  5:44  Marine  
  68  5:50  Marine  
  69  6:01  Medivac x2, Marine x3  
  69  6:02  SCV, Supply Depot  
  77  6:18  Barracks Reactor x2  
  77  6:19  Orbital Command  
  77  6:21  Supply Depot  
  77  6:22  Supply Depot  
  77  6:23  Marine x2  
  79  6:30  Marine x2  
  80  6:39  Widow Mine, Marine  
  78  6:40  Widow Mine  
  78  6:41  Marine x2  
  78  6:42  SCV  
  78  6:44  Armory  
  78  6:45  SCV  
  86  6:48  Marine x2  
  88  6:56  Medivac x2  
  88  6:57  Marine  
  88  6:59  Command Center, Marine  
  94  7:02  Marine x3  
  94  7:03  Marine x2  
  94  7:04  Barracks  
  94  7:06  Combat Shields, Barracks  
  94  7:07  Barracks  
  99  7:16  Liberator  
  99  7:17  Marine x2  
  99  7:21  Supply Depot  
  101  7:24  SCV, Supply Depot, Marine  
  101  7:25  Supply Depot  
  101  7:26  Supply Depot, SCV  
  101  7:27  SCV, Supply Depot  
  108  7:40  SCV  
  108  7:43  SCV x2  
  111  7:46  Marine x2  
  111  7:47  Marine x2  
  111  7:48  Marine  
  111  7:49  Marine x2  
  111  7:50  Terran Infantry Weapons Level 2  
  118  7:52  SCV  
  118  7:54  Terran Infantry Armor Level 2  
  118  7:56  Barracks Tech Lab x2  
  118  7:57  Barracks Tech Lab  
  119  8:05  Liberator x2  
  119  8:09  Widow Mine, Marine x3  
  119  8:10  Marauder, Widow Mine  
  124  8:23  Marine x4  
  124  8:24  Marauder x3  
  138  8:31  Marauder, Marine x3  
  143  8:36  Supply Depot  
  143  8:37  Refinery  
  143  8:39  Refinery  
  143  8:43  Refinery  
  143  8:49  Missile Turret, Marauder x2  
  143  8:51  Marine  
  143  8:52  Marauder  
  102  9:10  Marine x4  
  102  9:11  Marauder  
  105  9:17  Marine x2  
  105  9:18  Marauder x3, Marine x2  
  105  9:28  Marine x4  
  108  9:32  Marauder  
  108  9:35  Marine x2  
  108  9:37  Marine x2  
  114  9:40  Supply Depot, Terran Vehicle Weapons Level 1, Widow Mine, Marauder x3  
  122  9:46  Marine  
  122  9:47  Marine  
  122  9:48  Marine x2  
  126  9:54  Marauder  
  126  9:59  Marine x2  
  129  10:01  Marauder x2  
  134  10:07  Marine x3  
  134  10:08  Marine, Marauder  
  134  10:09  Marine  
  141  10:15  Marine, Marauder  
  141  10:17  Marine  
  141  10:22  Marauder  
  135  10:30  Marine x3  
  135  10:31  Marauder  
  135  10:32  Missile Turret  
  135  10:33  Planetary Fortress  
  135  10:35  SCV x3  
  142  10:42  Marine x2  
  147  10:43  Marauder  
  147  10:44  Medivac  
  147  10:47  SCV, Marauder, Marine  
  153  10:54  Marine x2  
  153  10:55  Marauder  
  144  10:57  Marine  
  144  10:58  Marauder, Marine  
  144  11:02  Medivac  
  139  11:06  Marine x3  
  139  11:07  Widow Mine  
  139  11:09  SCV x3  
  147  11:12  SCV  
  147  11:13  Medivac  
  150  11:21  SCV  
  151  11:29  Marine x2  
  151  11:30  Marauder x2  
  151  11:32  Medivac  
  159  11:33  Marine  
  160  11:41  Marine x2  
  160  11:42  Marine, Starport, Marauder  
  160  11:43  Marauder, Medivac, Marine  
  170  11:51  Marauder, Marine x3  
  170  11:52  Marauder  
  175  11:54  Marine  
  175  11:59  Marine x2  
  175  12:00  Marine x2  
  180  12:05  Supply Depot  
  180  12:08  Medivac  
  180  12:09  Marauder x2, Marine x2  
  180  12:15  Marine x2  
  167  12:16  Marauder  
  167  12:17  Marine  
  167  12:18  Marauder  
  167  12:20  Marine x2  
  167  12:21  Marine  
  164  12:26  Marine  
  164  12:27  Marine  
Show
View Real Time Build Order
Export as new Build Order

KiLLaZ Zerg 

Build Orders: Hatch First 

Get SALT Encoding   

  12  0:03  Drone  
  13  0:13  Overlord  
  13  0:19  Drone, Extractor  
  14  0:22  Extractor  
  14  0:24  Drone  
  15  0:33  Drone  
  16  0:37  Drone  
  17  0:54  Hatchery  
  17  0:56  Drone  
  17  1:10  Spawning Pool  
  16  1:12  Drone  
  16  1:15  Extractor  
  16  1:17  Drone  
  17  1:22  Drone  
  18  1:30  Drone  
  19  1:40  Overlord  
  19  1:52  Drone  
  20  1:57  Queen  
  22  2:03  Zergling x2  
  22  2:07  Queen  
  22  2:08  Drone  
  26  2:13  Drone  
  27  2:16  Metabolic Boost  
  27  2:19  Drone  
  28  2:26  Drone  
  28  2:29  Drone  
  30  2:40  Queen  
  30  2:42  Queen  
  34  2:48  Overlord  
  33  2:52  Drone x2  
  35  3:07  Drone x4  
  39  3:13  Drone  
  40  3:24  Overlord  
  40  3:25  Zergling x4  
  40  3:31  Hatchery, Drone  
  40  3:32  Drone  
  41  3:37  Drone, Extractor  
  41  3:39  Extractor  
  40  3:52  Evolution Chamber  
  39  3:56  Evolution Chamber, Drone x3  
  39  3:57  Drone  
  39  3:58  Roach Warren  
  39  4:02  Overlord  
  41  4:04  Drone  
  41  4:09  Drone x2  
  44  4:14  Drone  
  44  4:17  Drone  
  46  4:20  Overlord  
  46  4:30  Zerg Missile Weapons Level 1, Zerg Ground Armor Level 1  
  46  4:39  Overlord  
  46  4:41  Roach x2  
  50  4:46  Drone  
  50  4:49  Drone x3  
  54  4:56  Lair  
  54  5:01  Roach x2  
  54  5:05  Zergling x2  
  54  5:06  Zergling x2  
  60  5:11  Drone  
  60  5:12  Drone  
  62  5:16  Drone x3, Extractor  
  62  5:17  Drone  
  65  5:23  Overlord  
  65  5:25  Drone x2  
  65  5:27  Drone  
  68  5:31  Drone  
  68  5:32  Drone x3  
  72  5:38  Drone  
  72  5:39  Overlord  
  72  5:42  Drone x3  
  76  5:55  Roach  
  76  5:57  Roach x5  
  84  6:06  Overlord x2  
  84  6:08  Glial Reconstitution  
  84  6:09  Queen  
  84  6:23  Overlord x2  
  84  6:24  Overlord  
  81  6:25  Zerg Missile Weapons Level 2  
  80  6:35  Zerg Ground Armor Level 2  
  78  6:42  Drone x5  
  78  6:43  Drone x2  
  78  6:45  Extractor  
  84  6:47  Drone x2  
  84  6:48  Drone x3  
  84  6:50  Ravager  
  84  6:51  Overseer  
  90  6:57  Roach x4  
  90  6:58  Ravager x2  
  90  7:01  Ravager x2  
  102  7:03  Ravager x2  
  102  7:07  Drone x3  
  107  7:10  Drone x3  
  107  7:11  Extractor  
  107  7:12  Overlord  
  109  7:16  Roach x2  
  113  7:24  Ravager x2  
  113  7:25  Ravager  
  113  7:29  Roach  
  122  7:30  Roach x3  
  122  7:31  Roach  
  122  7:32  Roach  
  128  7:39  Overlord x2, Roach x2  
  132  7:44  Infestation Pit  
  132  7:47  Drone  
  132  7:53  Roach x3  
  138  8:09  Roach x4  
  138  8:10  Roach x2  
  150  8:14  Overlord x3  
  150  8:21  Hatchery  
  150  8:26  Overlord x4  
  150  8:27  Overlord  
  149  8:46  Hive, Hydralisk Den  
  149  8:48  Roach x5  
  156  8:49  Roach x2  
  151  9:06  Overlord x3, Roach x5  
  151  9:09  Roach  
  163  9:23  Roach x4  
  158  9:26  Roach x2  
  158  9:31  Hydralisk  
  160  9:37  Drone x3  
  165  9:48  Hydralisk x3  
  171  9:55  Drone x4  
  171  9:56  Drone x2  
  173  10:03  Hydralisk x3  
  179  10:10  Evolution Chamber  
  179  10:13  Evolution Chamber  
  176  10:15  Roach Warren  
  176  10:16  Hydralisk Den  
  176  10:21  Viper x5  
  180  10:29  Swarm Host x2  
  180  10:30  Drone x2  
  180  10:31  Drone  
  180  10:33  Extractor  
  180  10:35  Extractor  
  155  11:01  Hydralisk x6  
  155  11:02  Hydralisk x3  
  165  11:04  Hydralisk  
  165  11:05  Hydralisk x2  
  165  11:08  Hydralisk  
  165  11:10  Extractor  
  172  11:11  Hydralisk  
  172  11:12  Roach  
  172  11:17  Hydralisk x2  
  180  11:21  Roach x2  
  180  11:23  Overlord  
  180  11:25  Drone x3, Roach x2  
  191  11:30  Overseer  
  191  11:31  Overseer x2  
  189  11:42  Drone x2  
  189  11:43  Drone x2  
  189  11:44  Roach x3  
  180  12:16  Hydralisk x5  
  180  12:17  Hydralisk  
  184  12:23  Hydralisk x3  
  184  12:24  Hydralisk x5  
Tags
 
Add a new tag
Caveats
  • Supply blocks, unpowered buildings, or Contaminate may cause inaccurate times.
  • Supply counts are checked every 10 seconds.